 Dungeon Crawl Stone Soup version 0.27-a0-686-gaed091b46b (webtiles) character file.

Game seed: 7245765712647750923

30 jasper the Changer (level 3, -1/26 HPs)
             Began as a Demonspawn Transmuter on Mar 20, 2021.
             Slain by a worm (12 damage)
             ... on level 2 of the Dungeon.
             The game lasted 00:03:12 (1943 turns).

jasper the Changer (Demonspawn Transmuter)          Turns: 1943, Time: 00:03:12

Health: -1/26      AC:  2    Str: 10    XL:     3   Next: 5%
Magic:  6/6        EV: 12    Int: 15    God:
Gold:   27         SH:  0    Dex: 13    Spells: 0/6 levels left

rFire    . . .     SeeInvis .     - Unarmed
rCold    . . .     Faith    .   (no shield)
rNeg     . . .     Spirit   .   a - +0 robe
rPois    .         Reflect  .   (helmet currently unavailable)
rElec    .         Harm     .   (no cloak)
rCorr    .         Rampage  .   (no gloves)
Will     .....                  (boots currently unavailable)
Stlth    +.........             (no amulet)
HPRegen  0.08/turn              (no ring)
MPRegen  0.10/turn              (no ring)

@: appendages (expiring)
A: horns 2, talons 2, powered by pain 2
a: End Transformation


You were on level 2 of the Dungeon.
You had temporarily grown beastly horns and talons.
You visited 1 branch of the dungeon, and saw 2 of its levels.

You collected 27 gold pieces.

Inventory:

Armour
 a - a +0 robe (worn)
 d - a +0 ring mail
Scrolls
 b - a scroll of enchant weapon {unknown}
 c - a scroll of torment {unknown}
 g - a scroll of teleportation {unknown}
Potions
 e - a potion of curing {unknown}
 f - a potion of attraction {unknown}


   Skills:
 - Level 1.0 Fighting
 - Level 1.7 Dodging
 - Level 2.6 Unarmed Combat
 - Level 2.0 Spellcasting
 - Level 3.2 Transmutations
 + Level 0.2 Poison Magic


You couldn't memorise any spells.
You knew the following spells:

 Your Spells              Type           Power      Damage    Failure   Level
a - Beastly Appendage     Tmut           22%        N/A       6%          1
b - Spider Form           Tmut/Pois      3%         N/A       32%         3
c - Wereblood             Tmut           11%        N/A       9%          2

Your spell library contained the following spells:

 Spells                   Type           Power      Damage    Failure   Level
 Confusing Touch          Hex            1%         N/A       54%         3
 Gell's Gravitas          Tloc           0%         N/A       54%         3
 Ice Form                 Ice/Tmut       6%         N/A       75%         4
 Petrify                  Tmut/Erth      6%         N/A       75%         4
 Blade Hands              Tmut           5%         N/A       86%         5
 Yara's Violent Unravell  Hex/Tmut       3%         3d4       97%         5
 Metabolic Englaciation   Hex/Ice        0%         N/A       99%         5


Dungeon Overview and Level Annotations

Branches:
Dungeon (2/15)

Altars:

Shops:
D:1 *


Innate Abilities, Weirdness & Mutations

You have temporarily grown beastly horns and talons.
You sometimes gain power by taking damage.


Message History

Found a stone staircase leading up.
A bat and a worm come into view.
Your horns disappear.
Your talons disappear.
There are monsters nearby!
Casting: Beastly Appendage (safe; 6% risk of failure)
Press: ? - help, Q - select action, (/) - cycle Dir - look around, f - activate You grow a pair of large bovine horns.
Your feet morph into talons.
You now have 5/6 mp.
Found 8 gold pieces.
The helpless bat fails to defend itself.
You hit the bat but do no damage. Your kick misses the bat.
The bat barely misses you.
You miss the bat. Your kick misses the bat. The bat closely misses you.
You closely miss the bat. Your headbutt misses the bat. The bat hits you.
You take 1 damage, and have 25/26 hp.
You barely miss the worm.
You headbutt the worm, but do no damage.
The bat hits you but does no damage.
You hit the worm but do no damage. You claw the worm.
The worm is moderately wounded.
Your transformation is almost over.
The bat hits you but does no damage. The worm bites you.
You take 3 damage, and have 22/26 hp.
MP restored: 6 You hit the worm.
Your kick misses the worm.
The worm is moderately wounded.
The bat closely misses you.
You hit the worm but do no damage. You claw the worm, but do no damage.
Your headbutt misses the worm.
The worm is moderately wounded.
The bat barely misses you. The worm bites you!
You take 12 damage, and have 10/26 hp.
MASSIVE DAMAGE!!
You hit the worm. You claw the worm, but do no damage.
The worm is heavily wounded.
The bat barely misses you.
A jackal comes into view.
The bat misses you.
A jackal comes into view.
The bat closely misses you. The worm bites you!
You die...

#.# .......h. .. ...
.........h #. ..##
.......... .. #..#
#........# . #..#
##........#
#.#...####.......... #.
#.#.#....#..........
#...#..<##...#..........
###≈..(.#...#.w@.......
≈≈≈≈.......>............
≈≈≈≈...........b.......#
≈###≈...##...#........##
...#.#.##...#.......##
.⌠.#.#.##...........$#
#.. #.#.###...........#
.# ..#.# ###..........
.. #.........


You could see a worm, a jackal (asleep) and a bat.

Vanquished Creatures
  7 bats
  2 giant cockroaches (D:1)
  4 hobgoblins (D:1)
  4 jackals (D:1)
  2 kobolds (D:1)
  2 quokkas (D:1)
  2 frilled lizards (D:1)
  3 goblins (D:1)
  A rat (D:1)
27 creatures vanquished.

Notes
Turn   | Place    | Note
-------+----------+-------------------------------------------
     0 | D:1      | jasper the Demonspawn Transmuter began the quest for the
                  | Orb.
     0 | D:1      | Reached XP level 1. HP: 15/15 MP: 3/3
    30 | D:1      | Reached skill level 2 in Transmutations
   538 | D:1      | Gained mutation: You sometimes gain a little power by
                  | taking damage. [demonic ancestry]
   538 | D:1      | Reached XP level 2. HP: 21/21 MP: 5/5
   766 | D:1      | Found Zumaras's General Store.
  1175 | D:1      | Reached skill level 3 in Transmutations
  1756 | D:1      | Gained mutation: You sometimes gain power by taking damage.
                  | [demonic ancestry]
  1756 | D:1      | Reached XP level 3. HP: 26/26 MP: 4/6
  1760 | D:1      | Learned a level 3 spell: Spider Form
  1763 | D:1      | Learned a level 2 spell: Wereblood
  1943 | D:2      | Slain by a worm

Illustrated notes

Levels and vault maps discovered:
D:1:      lemuel_arrival_behind_the_door_small, layout_loops_cross,
          serial_shops, nicolae_shop_trees, minmay_strange_pillars,
          glass_columns_c, nrook_mini_vaults
D:2:      layout_rooms, fountainhead

Skill      XL: |  1  2 |
---------------+-------+-----
Transmutations | 2 3 |  3.2
Fighting       | |  1.0
Dodging        | |  1.7
Unarmed Combat | |  2.6
Spellcasting   | |  2.0
Poison Magic   | |  0.2

Action                   || total
-------------------------++-------
Melee: Unarmed           ||   100
       Kick              ||    14
       Headbutt          ||     8
 Cast: Beastly Appendage ||    18
 Stab: Sleeping          ||     1
Armor: Robe              ||    23
Dodge: Dodged            ||    72

Table legend: (Time is in decaauts)
 A = Elapsed time spent in this place.
 B = Non-inter-level travel time spent in this place.
 C = Inter-level travel time spent in this place.
 D = Time resting spent in this place.
 E = Time spent auto-exploring this place.
 F = Levels seen in this place.
 G = Mean time per level.
                   A        B        C        D        E       F      G
               +--------+--------+--------+--------+--------+-----+--------+
         Total |   1937 |   1918 |     19 |    571 |    958 |   2 |  968.5 |
       Dungeon |   1937 |   1918 |     19 |    571 |    958 |   2 |  968.5 |
               +--------+--------+--------+--------+--------+-----+--------+

Top non-repeatable levels by time:
     D:1: 1906 daAuts
     D:2: 31 daAuts
